AoeStats
← fallenjbird

Oasis

509532690Analyzed
4v4 RM · 6d ago on Sep 27, 2026· 27m 23s· 8 players
Game mode
Random Map
Map size
Large (8 player)
Population
200
Speed
Normal
Resources
Standard
Victory
Conquest
Starting age
Dark Age
Ending age
Imperial Age
RankedLock teamsTeams togetherTeam positionsShared explorationLock speedFull tech treeHidden civsTurbo modeCheats
Victory
Defeat
🇨🇦 Japanese · Canada
1136
+11
🇺🇸 Hindustanis · United States
1100
+13
🇮🇳 Portuguese · India
1033
+15
🇺🇸 Franks · United States
988
+17
🇺🇸 Armenians · United States
1033
-15
🇺🇸 Ethiopians · United States
1031
-14
🇺🇸 Wei · United States
1030
-14
🇺🇸 Vietnamese · United States
991
-13
Porqin
6:23 Loom
11:29 Feudal Age
11:57 Double-Bit Axe
17:32 Castle Age
16:16 Horse Collar
19:17 Bow Saw
20:01 Pikeman
21:39 Forging
22:23 Town Watch
23:20 Heavy Plow
24:44 Wheelbarrow
26:26 Hand Cart
27:13 Bloodlines
bodkinboi
11:02 Feudal Age
9:27 Loom
12:50 Forging
12:14 Man-at-Arms
12:52 Double-Bit Axe
13:44 Scale Mail Armor
15:01 Long Swordsman
16:53 Arson
22:25 Pikeman
29:56 Castle Age
fallenjbird
11:40 Feudal Age
12:33 Loom
12:36 Double-Bit Axe
12:43 Gold Mining
21:20 Castle Age
20:33 Fletching
21:03 Stone Mining
21:25 Crossbowman
23:03 Bodkin Arrow
23:40 Padded Archer Armor
25:46 Leather Archer Armor
wololol
9:15 Loom
12:43 Feudal Age
17:06 Horse Collar
21:01 Double-Bit Axe
23:29 Castle Age
SRBinBlue
5:01 Loom
10:08 Feudal Age
10:46 Double-Bit Axe
10:47 Horse Collar
15:49 Loom
22:18 Castle Age
24:57 Scale Barding Armor
26:00 Forging
26:40 Bow Saw
26:33 Heavy Plow
28:08 Chain Barding Armor
ROOOO
11:35 Feudal Age
17:34 Castle Age
21:59 Town Watch
dOWNTOWn
10:26 Feudal Age
15:30 Castle Age
14:00 Double-Bit Axe
14:32 Horse Collar
22:50 Bow Saw
23:18 Heavy Plow
26:39 Wheelbarrow
26:41 Bloodlines
MOJO JOJO
11:14 Feudal Age
9:34 Loom
18:29 Castle Age
17:08 Double-Bit Axe
17:06 Horse Collar
20:28 Gold Mining
22:33 Fletching
26:10 Bow Saw
Connection lost

Rejoining the realm…

Still unreachable

The connection could not be restored.

Session expired

The server has moved on; the page needs a fresh start.